 Dungeon Crawl Stone Soup version 0.17.2-1-ge4368a0 (webtiles) character file.

1418 tidbits the Insei (level 8, 4/63 HPs)
             Began as a Demigod Transmuter on Sept 22, 2017.
             Quit the game on level 8 of the Dungeon.
             The game lasted 00:19:11 (2777 turns).

tidbits the Insei (Demigod Transmuter)              Turns: 2777, Time: 00:19:11

Health: 4/63       AC:  2    Str: 13    XL:     8   Next: 20%
Magic:  12/14      EV: 23    Int: 21    God:
Gold:   99         SH:  0    Dex: 21    Spells: 3 memorised, 6 levels left

rFire  . . .     SeeInvis .       - Unarmed
rCold  . . .     Clarity  .     (armour currently unavailable)
rNeg   . . .     SustAt   +     (shield currently unavailable)
rPois  x         Gourm    .     (helmet currently unavailable)
rElec  .         Spirit   .     (cloak currently unavailable)
rCorr  .         Warding  .     (gloves currently unavailable)
rMut   .         Stasis   .     (boots currently unavailable)
MR     .....                    (no amulet)
Stlth  ++........               (no ring)
                                (no ring)

@: seriously poisoned (4 -> 1), spider-form (expiring), not resistant to hostile
enchantments, unstealthy
A: high mp 1, (shaggy fur 0), wild magic 1, sustain attributes
a: End Transformation


You were on level 8 of the Dungeon.
You were not hungry.
You were a venomous arachnid creature.
You visited 1 branch of the dungeon, and saw 8 of its levels.

You collected 190 gold pieces.
You spent 91 gold pieces at shops.

Inventory:

Hand Weapons
 l - a +0 flail of protection
   (You took it off Terence on level 2 of the Dungeon)
 s - a cursed -2 shortbow
   (You took it off a centaur on level 6 of the Dungeon)
 y - a +0 blowgun
   (You found it on level 5 of the Dungeon)
 A - a +0 flail of holy wrath
   (You took it off Edmund on level 6 of the Dungeon)
Missiles
 j - 2 tomahawks of dispersal (quivered) {!f}
 w - 23 sling bullets
 x - 43 arrows
 z - 15 arrows of frost
Armour
 b - a +0 robe (melded)
 E - a +0 helmet (melded)
   (You found it on level 2 of the Dungeon)
Wands
 a - a wand of digging (12)
   (You found it on level 5 of the Dungeon)
 g - a wand of digging (8)
   (You took it off Terence on level 2 of the Dungeon)
 m - a wand of polymorph (13)
   (You found it on level 3 of the Dungeon)
 t - a wand of slowing (27)
   (You found it on level 6 of the Dungeon)
Scrolls
 e - 3 scrolls of teleportation
 i - a scroll of identify
 k - a scroll of fear {unknown}
 q - a scroll of magic mapping
 r - 2 scrolls of remove curse
 u - 2 scrolls of amnesia {unknown}
 C - a scroll of noise {unknown}
Potions
 n - a potion of cure mutation
 o - a potion of flight
 p - a potion of haste
Books
 c - a book of Changes

   Spells                             Type                      Level
   a - Beastly Appendage              Transmutation                1
   b - Sticks to Snakes               Transmutation                2
   c - Spider Form                    Transmutation/Poison         3
   d - Ice Form                       Ice/Transmutation            4
   e - Blade Hands                    Transmutation                5
Comestibles
 d - 5 bread rations
 h - 5 meat rations


   Skills:
 + Level 3.1 Fighting
 + Level 3.7 Dodging
 * Level 7.5 Unarmed Combat
 - Level 2.5 Spellcasting
 - Level 4.2 Transmutations


You had 6 spell levels left.
You knew the following spells:

 Your Spells              Type           Power        Failure   Level  Hunger
e - Beastly Appendage     Trmt           ####..       19%         1    None
k - Sticks to Snakes      Trmt           ####......   26%         2    ##.....
p - Spider Form           Trmt/Pois      ###.......   56%         3    ###....


Dungeon Overview and Level Annotations

Branches:
Dungeon (8/15)
 Temple: D:4-7         Lair: D:8-11

Shops:
D:4 (   D:5 ?


Innate Abilities, Weirdness & Mutations

You have an increased reservoir of magic (+10% MP).
Your attributes are resistant to harm.
((You are covered in fur (AC +1).))
Your spells are a little harder to cast, but a little more powerful.


Message History

Your adder closely misses the killer bee.
Your ball python closely misses the killer bee.
Your ball python grabs the killer bee.
Your ball python constricts the killer bee.
You barely miss the killer bee. The killer bee closely misses you.
Your adder bites the killer bee.
The killer bee is poisoned.
Your adder poisons the killer bee!
The killer bee completely misses you.
Your ball python closely misses the killer bee.
Your ball python constricts the killer bee.
You hit the killer bee.
The killer bee looks even sicker.
The killer bee is heavily wounded.
The killer bee stings you!
* * * LOW HITPOINT WARNING * * *
Your adder bites the killer bee.
Your ball python bites the killer bee.
Your ball python constricts the killer bee.
The killer bee closely misses you. The adder misses you.
You barely miss the killer bee.
The killer bee is almost dead.
You kill the killer bee!
Your Fighting skill increases to level 3!
Your adder bites the killer bee.
The killer bee is poisoned.
Your adder poisons the killer bee!
Your ball python misses the killer bee.
Your ball python misses the killer bee.
The killer bee completely misses you. The adder misses you.
You bite the adder!
The adder is poisoned.
The adder is severely wounded.
The killer bee barely misses you.
Your adder bites the killer bee.
Your ball python closely misses the killer bee. x2
The adder completely misses you. The killer bee stings you!
* * * LOW HITPOINT WARNING * * *
You are poisoned.
The killer bee poisons you!
You hit the killer bee but do no damage.
The killer bee looks even sicker.
The killer bee is heavily wounded.
You feel sick. The killer bee completely misses you.
Your adder bites the killer bee.
Your ball python closely misses the killer bee.
Your ball python completely misses the killer bee.
The adder completely misses you.
The killer bee closely misses your adder.
You bite the killer bee!
You kill the killer bee!
You feel sick.
Your adder barely misses the killer bee.
The adder completely misses you. The killer bee misses you.
You miss the killer bee.
You feel sick.
Your adder closely misses the killer bee.
The killer bee closely misses you. The adder completely misses you.
Your ball python barely misses the killer bee.
Your ball python misses the killer bee.
Your adder barely misses the killer bee.
The killer bee stings you.
* * * LOW HITPOINT WARNING * * *
You closely miss the killer bee.
You feel sick.
You kill the adder!
The killer bee barely misses you.
Your ball python bites the killer bee but does no damage.
Your ball python misses the killer bee.
Your adder misses the killer bee. You barely miss the killer bee.
You feel sick. The killer bee misses you.
Your ball python bites the killer bee but does no damage.
Your ball python completely misses the killer bee.
The killer bee completely misses you.
Your adder bites the killer bee but does no damage.
You bite the killer bee!
The killer bee is poisoned.
The killer bee is heavily wounded.
Your transformation is almost over.
The killer bee completely misses you.
Your ball python completely misses the killer bee.
Your ball python barely misses the killer bee.
Your adder closely misses the killer bee.
The killer bee closely misses you.
You closely miss the killer bee.
The killer bee is severely wounded.
You feel sick.
You kill the killer bee!
Your ball python bites the hippogriff.
Your adder bites the hippogriff.
You feel sick.
Your ball python bites the hippogriff.
The hippogriff barely misses your ball python.
The hippogriff pecks your ball python.
Your ball python dies!
Your adder bites the hippogriff.
You feel sick.
Your adder bites the hippogriff.
You feel sick.
Something bites the ogre.
There is a stone staircase leading down here.
You climb downwards. 2 orcs and an orc wizard come into view.
You feel sick.
The orc wizard shouts!
The orc shouts!
There is a stone staircase leading up here.
You miss the orc wizard.
You feel sick.
You barely miss the orc wizard.
The orc wizard mumbles some strange words.
The orc wizard flickers and vanishes!
Deactivating autopickup; reactivate with Ctrl-A.
The orc throws a tomahawk.
The tomahawk hits you.
* * * LOW HITPOINT WARNING * * *
Drink which item? (? for menu, Esc to quit)
Okay, then.
Are you sure you want to abandon this character and quit the game? (Confirm with "yes".)

#. .# #.
#. #. ..
#. .#
#o#.###
#.....
####...#
#..o{s#
.......##
###.#.# #
##


You could see 2 orcs.

Vanquished Creatures
  Edmund (D:6)
  2 centaurs (D:6)
  A sky beast (D:6)
  A necrophage (D:6)
  2 giant frogs
  A gnoll sergeant (D:4)
  2 scorpions
  4 killer bees (D:7)
  2 orc priests
  A giant frog skeleton (D:4)
  4 orc wizards
  2 centaur skeletons (D:6)
  An iguana (D:5)
  A jelly (D:5)
  Terence (D:2)
  3 worker ants
  A hound skeleton (D:5)
  4 adders
  3 gnolls (D:4)
  A shadow imp (D:7)
  A worm (D:2)
  3 giant geckos
  13 orcs
  4 giant cockroaches
  3 goblins (D:1)
  3 hobgoblins
  5 quokkas
  A ball python (D:2)
  4 bats
  A giant gecko skeleton (D:6)
  A giant newt (D:1)
  5 kobolds
  2 quokka skeletons (D:4)
  6 rats
90 creatures vanquished.

Vanquished Creatures (collateral kills)
  A worm (D:3)
  2 orcs (D:5)
  A quokka (D:4)
4 creatures vanquished.

Grand Total: 94 creatures vanquished

Notes
Turn   | Place    | Note
--------------------------------------------------------------
     0 | D:1      | tidbits the Demigod Transmuter began the quest for the Orb.
     0 | D:1      | Reached XP level 1. HP: 15/15 MP: 5/5
    50 | D:1      | Reached skill level 2 in Spellcasting
    50 | D:1      | Reached skill level 2 in Transmutations
   177 | D:1      | Reached XP level 2. HP: 11/22 MP: 4/7
   181 | D:1      | Learned a level 2 spell: Sticks to Snakes
   202 | D:2      | HP: 2/22 [giant cockroach (2)]
   527 | D:2      | Noticed Terence
   541 | D:2      | Killed Terence
   541 | D:2      | Reached XP level 3. HP: 22/27 MP: 1/9
   552 | D:2      | Learned a level 3 spell: Spider Form
   657 | D:2      | Found a blossoming altar of Fedhas.
   862 | D:3      | Reached skill level 3 in Unarmed Combat
  1054 | D:5      | Entered Level 5 of the Dungeon
  1063 | D:5      | Reached skill level 3 in Transmutations
  1063 | D:5      | Reached XP level 4. HP: 34/34 MP: 8/10
  1165 | D:5      | Reached skill level 4 in Unarmed Combat
  1178 | D:5      | Reached XP level 5. HP: 33/39 MP: 4/11
  1277 | D:5      | Found Haimigh's Magic Scroll Shop.
  1282 | D:5      | Bought a scroll of remove curse for 42 gold pieces
  1282 | D:5      | Bought a scroll of magic mapping for 49 gold pieces
  1298 | D:6      | Noticed a necrophage
  1307 | D:6      | Found a sparkling altar of Nemelex Xobeh.
  1308 | D:6      | Found a basalt altar of Yredelemnul.
  1315 | D:6      | Killed a necrophage
  1315 | D:6      | Reached skill level 5 in Unarmed Combat
  1315 | D:6      | Reached XP level 6. HP: 36/44 MP: 4/12
  1398 | D:6      | Gained mutation: Your spells are a little harder to cast, but a little more powerful. [potion of beneficial mutation]
  1399 | D:6      | Gained mutation: You are covered in fur (AC +1). [potion of beneficial mutation]
  1448 | D:4      | Noticed a gnoll sergeant
  1460 | D:4      | Killed a gnoll sergeant
  1460 | D:4      | Reached skill level 4 in Transmutations
  1708 | D:4      | Found Wusaewomma's Weapon Boutique.
  1744 | D:4      | Found a white marble altar of Elyvilon.
  1976 | D:5      | Reached skill level 1 in Fighting
  1976 | D:5      | Reached skill level 6 in Unarmed Combat
  1981 | D:5      | Reached skill level 2 in Dodging
  1981 | D:5      | Reached XP level 7. HP: 44/50 MP: 6/13
  2134 | D:6      | Noticed a sky beast
  2149 | D:6      | Killed a sky beast
  2266 | D:5      | Reached skill level 2 in Fighting
  2331 | D:6      | Noticed Edmund
  2357 | D:6      | Killed Edmund
  2357 | D:6      | Reached skill level 3 in Dodging
  2409 | D:6      | Reached skill level 7 in Unarmed Combat
  2456 | D:6      | Found a radiant altar of Vehumet.
  2589 | D:6      | Reached XP level 8. HP: 31/60 MP: 10/14
  2620 | D:7      | HP: 6/60 [poisoned by a killer bee]
  2702 | D:6      | Found a burning altar of Makhleb.
  2702 | D:6      | Noticed a green death
  2761 | D:7      | Reached skill level 3 in Fighting
  2776 | D:8      | HP: 4/63 [orc/tomahawk (4)]
  2777 | D:8      | Quit the game

Action                   |  1- 3 |  4- 6 |  7- 9 || total
-------------------------+-------+-------+-------++-------
Melee: Unarmed           |    52 |    71 |    81 ||   204
       Flail             |    41 |    27 |    16 ||    84
 Cast: Beastly Appendage |    24 |     2 |     1 ||    27
       Sticks to Snakes  |     9 |     4 |     1 ||    14
       Spider Form       |       |    15 |    10 ||    25
 Abil: End Transformatio |       |       |     1 ||     1
Evoke: Wand              |       |       |     3 ||     3
  Use: Scroll            |       |     8 |     1 ||     9
       Potion            |       |     2 |     2 ||     4
 Stab: Sleeping          |     5 |       |       ||     5
       Distracted        |     1 |       |       ||     1
  Eat: Chunk             |     2 |     1 |     4 ||     7
       Fruit             |       |     4 |     2 ||     6

Table legend:
 A = Turns spent in this place as a percentage of turns spent in the entire game.
 B = Non-inter-level travel turns spent in this place as a percentage of non-inter-level travel turns spent in the entire game.
 C = Inter-level travel turns spent in this place as a percentage of turns spent in this place.
 D = Turns resting spent in this place as a percentage of non-inter-level travel turns spent in this place.
 E = Turns spent auto-exploring this place as a percentage of non-inter-level travel turns spent in this place.
 F = Non-inter-level travel turns spent in this place divided by the number of levels of this place that you've seen.
                   A       B       C       D       E      F
               +-------+-------+-------+-------+-------+----------------------
         Total | 100.0 | 100.0 |   0.0 |   0.1 |   0.0 | 299.2
       Dungeon | 100.0 | 100.0 |   0.0 |   0.1 |   0.0 | 299.2
               +-------+-------+-------+-------+-------+----------------------

Table legend:
 A = Kills in this place as a percentage of kills in entire the game.
 B = Kills by you in this place as a percentage of kills by you in the entire game.
 C = Kills by friends in this place as a percentage of kills by friends in the entire game.
 D = Other kills in this place as a percentage of other kills in the entire game.
 E = Experience gained in this place as a percentage of experience gained in the entire game.
 F = Experience gained in this place divided by the number of levels of this place that you have seen.
                   A       B       C       D       E      F
               +-------+-------+-------+-------+-------+----------------------
         Total | 100.0 | 100.0 | 100.0 |  -nan | 100.0 | 253.2
       Dungeon | 100.0 | 100.0 | 100.0 |  -nan | 100.0 | 253.2
               +-------+-------+-------+-------+-------+----------------------

Vault maps used:
D:1:      dpeg_arrival_orchard
D:2:      lemuel_doored_altar, uniq_terence, uniq_crazy_yiuf_cottage
D:3:      first_bread, small_statue_intersection, kennysheep_generic_room_9
D:4:      kennysheep_mini_moat, serial_shops, shop
D:5:      nicolae_ru_path_of_blood, serial_shops, shop
D:6:      kennysheep_little_box, grunt_temple_overflow_open,
          makhleb_altar_promises_db, uniq_edmund
D:7:      temple_green, basic_altar, serial_park_tiny_pond,
          minmay_misc_feat_iff, grunt_ogre_cave
D:8:      grunt_dithmenos_smoke
